 Dungeon Crawl Stone Soup version 0.30-a0-857-gcaf70739d4 (webtiles) character file.

Game seed: 7047216453138027888

3 Esekla the Sneak (level 1, 16/16 HPs)
             Began as an Octopode Delver on Mar 6, 2023.
             Quit the game on level 5 of the Dungeon.
             The game lasted 00:01:16 (116 turns).

Esekla the Sneak (Octopode Delver)                   Turns: 116, Time: 00:01:17

Health: 16/16      AC:  1    Str: 11    XL:     1   Next: 50%
Magic:  1/1        EV: 13    Int: 12    God:
Gold:   32         SH:  0    Dex: 13    Spells: 0/0 levels left

rFire   . . .      SeeInvis .    a - +0 falchion
rCold   . . .      Faith    .    (no shield)
rNeg    . . .      Spirit   .    (helmet restricted)
rPois   .          Reflect  .    i - amulet of magic regeneration
rElec   .          Rampage  .    (no ring)
rCorr   .                        (no ring)
Will    .....                    (no ring)
Stlth   ++++                     (no ring)
HPRegen 0.22/turn                (no ring)
MPRegen 0.47/turn                (no ring)
                                 (no ring)
                                 (no ring)

@: no status effects
A: almost no armour, amphibious, 8 rings, camouflage 1, gelatinous body 1,
(nimble swimmer 1), tentacles
a: no special abilities


You were on level 5 of the Dungeon.
You visited 1 branch of the dungeon, and saw 1 of its levels.

You collected 32 gold pieces.

Inventory:

Hand Weapons
 a - a +0 falchion (weapon)
Jewellery
 i - an amulet of magic regeneration (around mantle)
Wands
 f - a wand of digging (3)
Scrolls
 b - a scroll of fog
 c - a scroll of magic mapping
 d - a scroll of vulnerability {unknown}
 h - a scroll of identify {unknown}
Potions
 e - 2 potions of haste
 g - a potion of attraction {unknown}


   Skills:
 * Level 3.0 Fighting
 * Level 2.0 Long Blades
 * Level 2.0 Dodging
 + Level 6.7 Stealth


You couldn't memorise any spells.
You didn't know any spells.
Your spell library was empty.

Dungeon Overview and Level Annotations

Branches:
Dungeon (5/15)
 Temple: D:4-7

Altars:
Nemelex Xobeh


Innate Abilities, Weirdness & Mutations

You cannot wear most types of armour.
You are amphibious.
You can wear up to eight rings at the same time.
Your skin changes colour to match your surroundings (Stealth+).
Your rubbery body absorbs attacks. (AC +1, EV +1)
((You are camouflaged when in or above water. (Stealth+)))
You have tentacles for arms and can constrict up to eight enemies at once.


Message History

Found a dented fluorescent amulet and a whip.
i - an amulet of magic regeneration Your library has no spells.
You start putting on your amulet.
You continue putting on your amulet of magic regeneration. x5
You finish putting on your amulet of magic regeneration.
i - an amulet of magic regeneration (around mantle)
A quokka comes into view.
An orc comes into view. It is wielding a +0 hand axe.
The helpless orc fails to defend itself.
You hit the orc but do no damage. You grab the orc.
You squeeze the orc, but do no damage.
You constrict the orc, but do no damage.
The orc closely misses you.
You hit the orc. You squeeze the orc.
You kill the orc!
Things that are here:
a +0 hand axe; a +0 scale mail; an orc corpse The quokka bites you.
You barely miss the quokka. Your grab misses the quokka.
You squeeze the quokka.
You kill the quokka!
Found a stone staircase leading up.
An orc comes into view. It is wielding a +0 mace.
Found a scroll labelled JIFEUV INWIGHO and a potion of haste.
Found a ring mail and 18 gold pieces.
Found a stone staircase leading down.
An ogre comes into view. It is wielding a +0 giant club.
As you read the scroll of fear, it crumbles to dust.
You assume a fearsome visage.
The ogre looks frightened!
Things that are here:
a potion of haste; a scroll labelled IFUTTE FOARAN
d - a scroll labelled IFUTTE FOARAN;
e - 2 potions of haste (gained 1)
Found 3 gold pieces.
You now have 32 gold pieces (gained 18).
As you open the door, it creaks loudly!
You hear a shout!
Found a sparkling altar of Nemelex Xobeh.
There is an open door here.
There is a sparkling altar of Nemelex Xobeh here.
You close the door.
Are you sure you want to abandon this character and quit the game? (Confirm with "yes".)

***,...#.###.#,,.
####.,,.........#,,.
#....,,.o.......####
#....,,>............
*...$,,,,.#.....###.
**#..##*######....#.
*~~.≈≈###[......#.#.
**~#+#≈..........#.#.
*,,+@+...........#.#.
*,≈#+#≈O.....<.....#.
*,≈§§§≈..........###.
*..§§..............#,
*####.#.##.........#,
#.#.##.......###,
#.#.#..........,,
#.#.#.##########*
*,#.#.*


There were no monsters in sight!

Vanquished Creatures
  An orc (D:5)
  A quokka (D:5)
2 creatures vanquished.

Notes
Turn   | Place    | Note
-------+----------+-------------------------------------------
     0 | D:5      | Esekla the Octopode Delver began the quest for the Orb.
     0 | D:5      | Reached XP level 1. HP: 16/16 MP: 1/1
    96 | D:5      | Noticed an ogre
   112 | D:5      | Found a sparkling altar of Nemelex Xobeh.
   116 | D:5      | Quit the game

Illustrated notes

Levels and vault maps discovered:
D:5:      layout_basic, kennysheep_mini_moat

Action                     || total
---------------------------++-------
  Melee: Falchion          ||     3
         Tentacles         ||     3
         Constrict         ||     1
    Use: Scroll            ||     2
   Stab: Sleeping          ||     1
  Dodge: Dodged            ||     1

Table legend: (Time is in decaauts)
 A = Elapsed time spent in this place.
 B = Non-inter-level travel time spent in this place.
 C = Inter-level travel time spent in this place.
 D = Time resting spent in this place.
 E = Time spent auto-exploring this place.
 F = Levels seen in this place.
 G = Mean time per level.
                   A        B        C        D        E       F      G
               +--------+--------+--------+--------+--------+-----+--------+
         Total |    116 |    116 |      0 |      0 |      0 |   1 |  116.0 |
       Dungeon |    116 |    116 |      0 |      0 |      0 |   1 |  116.0 |
               +--------+--------+--------+--------+--------+-----+--------+

Top non-repeatable levels by time:
     D:5: 116 daAuts
